 Dungeon Crawl Stone Soup version 0.32-a0-928-g1cae6b7ea0 (webtiles) character file.

Game seed: 2350992829595924272

221 porpoise the Poker (level 5, 0/42 HPs)
             Began as a Demonspawn Gladiator on Apr 13, 2024.
             Killed from afar by a dart slug (3 damage)
             ... with a slug dart
             ... on level 4 of the Dungeon.
             The game lasted 00:07:39 (3131 turns).

porpoise the Poker (Demonspawn Gladiator)           Turns: 3131, Time: 00:07:40

Health: 0/42       AC: 15    Str: 16    XL:     5   Next: 65%
Magic:  5/5        EV: 10    Int:  8    God:
Gold:   208        SH:  0    Dex: 15    Spells: 4/4 levels left

rFire   + . .        a - +1 trident
rCold   . . .        (no shield)
rNeg    . . .        A - +0 ring mail
rPois   .            c - +0 helmet
rElec   .            (no cloak)
rCorr   .            j - +0 pair of gloves
SInv    .            y - +0 pair of boots
Will    .....        (no amulet)
Stlth   +            p - +4 ring of protection
HPRegen 0.27/turn    x - ring of protection from fire
MPRegen 0.09/turn

%: no passive effects
@: no status effects
A: hooves 1, yellow scales 2
a: no special abilities


You were on level 4 of the Dungeon.
You visited 1 branch of the dungeon, and saw 4 of its levels.

You collected 208 gold pieces.

Inventory:

Hand Weapons
 a - a +1 trident (weapon)
 b - a +0 sling
Missiles
 d - 3 throwing nets (quivered)
 e - a javelin
 q - 10 poisoned darts
Armour
 c - a +0 helmet (worn)
 j - a +0 pair of gloves (worn)
 y - a +0 pair of boots (worn)
 A - a +0 ring mail (worn)
Jewellery
 i - an amulet of guardian spirit
 n - a ring of flight
 p - a +4 ring of protection (left hand)
 r - an amulet of magic regeneration
 w - a +6 ring of intelligence
 x - a ring of protection from fire (right hand)
Scrolls
 g - a scroll of enchant weapon
 h - 2 scrolls of enchant armour {unknown}
 l - a scroll of immolation
 m - a scroll of poison
 o - a scroll of torment {unknown}
 t - a scroll of fear {unknown}
Potions
 f - 5 potions of enlightenment
 k - a potion of heal wounds
 s - a potion of haste {unknown}
 u - a potion of resistance {unknown}
 z - a potion of brilliance {unknown}


   Skills:
 + Level 3.7 Fighting
 * Level 5.0 Polearms
 - Level 1.7 Throwing
 - Level 2.6 Dodging


You had 4 spell levels left.
You didn't know any spells.
Your spell library contained the following spells:

 Spells                   Type           Power      Damage    Failure   Level
 Sublimation of Blood     Necr           0%         N/A       77%         2
 Petrify                  Alch/Erth      0%         N/A       100%        4
 Irradiate                Conj/Alch      0%         3d11      100%        5


Dungeon Overview and Level Annotations

Branches:
Dungeon (4/15)
 Temple: D:4-7

Altars:
Sif Muna


Innate Abilities, Weirdness & Mutations

You have large cloven feet.
You are mostly covered in yellow scales. (AC +3)


Message History

You are frozen.
You barely miss the ball python.
The ball python is severely wounded.
The ball python bites you but does no damage.
The ball python constricts you.
* * * LOW HITPOINT WARNING * * *
The endoplasm freezes you.
You are frozen.
* * * LOW HITPOINT WARNING * * *
You hit the ball python.
You kill the ball python!
The endoplasm freezes you.
You are frozen.
* * * LOW HITPOINT WARNING * * *
You hit the endoplasm.
The endoplasm is lightly wounded.
The endoplasm hits you but does no damage.
You hit the endoplasm.
The endoplasm is almost dead.
The endoplasm hits you but does no damage.
You completely miss the endoplasm.
The endoplasm is almost dead.
The endoplasm hits you.
* * * LOW HITPOINT WARNING * * *
You hit the endoplasm but do no damage.
The endoplasm is almost dead.
The endoplasm freezes you.
You are frozen.
* * * LOW HITPOINT WARNING * * *
You hit the endoplasm.
You kill the endoplasm!
Reach: a) +1 trident
Press: ? - help, Dir - move target, f - dart slug
Aim: a dart slug (about 7% to evade your +1 trident)
You reach to attack!
You hit the dart slug.
The dart slug is moderately wounded.
You hear a shout!
The dart slug launches a dart at you. The slug dart hits you.
You die...

...+.†.......#
#..#.#....#.#
##...##.#.# .^
#...####.#
...#((......#
..####..####
#..[##.#
#....#†#
#.:..#@#
#..w†.#
###.###
........#
..####.## ..
... ####


You could see a dart slug.

Vanquished Creatures
  A howler monkey (D:4)
  A hound (D:4)
  Terence (D:2)
  4 gnolls (D:3)
  3 adders
  A dart slug (D:2)
  2 ribbon worms (D:2)
  4 orcs
  7 endoplasms
  3 giant cockroaches
  8 goblins
  4 hobgoblins
  A quokka (D:1)
  9 ball pythons
  4 kobolds
  5 rats
58 creatures vanquished.

Notes
Turn   | Place    | Note
-------+----------+-------------------------------------------
     0 | D:1      | porpoise the Demonspawn Gladiator began the quest for the
                  | Orb.
     0 | D:1      | Reached XP level 1. HP: 16/16 MP: 1/1
   258 | D:1      | Reached skill level 3 in Polearms
   341 | D:1      | Gained mutation: You have large cloven feet. [demonic
                  | ancestry]
   341 | D:1      | Reached XP level 2. HP: 22/22 MP: 2/2
  1001 | D:2      | Found a shimmering blue altar of Sif Muna.
  1144 | D:2      | Gained mutation: You are partially covered in yellow
                  | scales. (AC +2) [demonic ancestry]
  1144 | D:2      | Reached XP level 3. HP: 27/28 MP: 3/3
  1888 | D:2      | Noticed Terence
  1901 | D:2      | Killed Terence
  1902 | D:2      | Reached skill level 4 in Polearms
  1902 | D:2      | Gained mutation: You are mostly covered in yellow scales.
                  | (AC +3) [demonic ancestry]
  1902 | D:2      | Reached XP level 4. HP: 11/35 MP: 4/4
  2809 | D:4      | Reached XP level 5. HP: 39/41 MP: 5/5
  3095 | D:4      | Reached skill level 5 in Polearms
  3131 | D:4      | Killed from afar by a dart slug

Illustrated notes

Levels and vault maps discovered:
D:1:      sevenhm_arrival_forest_fort_small_3, layout_basic, serial_aquarium,
          aquarium_bridge_straight [aquarium_subvault_bridge,
          aquarium_subvault_wall, aquarium_subvault_bridge,
          aquarium_subvault_window], aquarium_bridge_square
          [aquarium_subvault_bridge, aquarium_subvault_bridge,
          aquarium_subvault_balcony, aquarium_subvault_window],
          aquarium_window_2, aquarium_window_1, aquarium_window_corridor_1,
          aquarium_window_1, aquarium_view_2e, aquarium_pool_2,
          nrook_loot_triangle, nrook_mini_backslash
D:2:      layout_loops_corners, basic_altar, uniq_terence
D:3:      layout_rooms, nicolae_grassy_gnolls
D:4:      layout_loops_corners, serial_bayou, serial_bayou_pond_d,
          serial_bayou_shore_a, serial_bayou_shore_b, serial_bayou_shore_b,
          corexii_item_surrounded_by_moat, minmay_bent, uniq_edmund

Skill      XL: |  1  2  3  4  5 |
---------------+----------------+-----
Polearms       | 3 4 5 |  5.0
Fighting       | 3 |  3.7
Throwing       | |  1.7
Dodging        | |  2.6

Action                     |  1- 3 |  4- 6 || total
---------------------------+-------+-------++-------
  Melee: Trident           |   102 |    94 ||   196
         Kick              |    17 |     7 ||    24
   Fire: Sling             |     3 |    16 ||    19
    Use: Scroll            |       |     5 ||     5
   Stab: Sleeping          |     2 |       ||     2
 Armour: Leather armour    |    54 |       ||    54
         Scale mail        |       |    31 ||    31
         Ring mail         |       |    52 ||    52
  Dodge: Dodged            |    43 |    35 ||    78

Table legend: (Time is in decaauts)
 A = Elapsed time spent in this place.
 B = Non-inter-level travel time spent in this place.
 C = Inter-level travel time spent in this place.
 D = Time resting spent in this place.
 E = Time spent auto-exploring this place.
 F = Levels seen in this place.
 G = Mean time per level.
                   A        B        C        D        E       F      G
               +--------+--------+--------+--------+--------+-----+--------+
         Total |   3155 |   3099 |     56 |    498 |   2079 |   4 |  788.8 |
       Dungeon |   3155 |   3099 |     56 |    498 |   2079 |   4 |  788.8 |
               +--------+--------+--------+--------+--------+-----+--------+

Top non-repeatable levels by time:
     D:2: 1250 daAuts
     D:1: 1007 daAuts
     D:3: 540 daAuts
     D:4: 357 daAuts
